AoeStats
← Kaiser Ze

Nomad

510273925Analyzed
3v3 RM · 2d ago on Sep 30, 2026· 21m 26s· 6 players
Game mode
Random Map
Map size
210×210
Population
200
Speed
Normal
Resources
Standard
Victory
Conquest
Starting age
Dark Age
Ending age
Imperial Age
RankedLock teamsTeams togetherTeam positionsShared explorationLock speedFull tech treeHidden civsTurbo modeCheats
Victory
Defeat
1484
+13
🇨🇳 Dravidians · China
1396
+16
🇨🇳 Wei · China
1301
+20
🇨🇭 Saxons · Switzerland
1466
-19
🇪🇸 Franks · Spain
1433
-18
🇨🇦 Berbers · Canada
1295
-12
老菜套
4:35 Loom
15:15 Feudal Age
16:25 Stone Mining
18:59 Castle Age
16:55 Double-Bit Axe
17:13 Horse Collar
18:04 Gold Mining
18:06 Fletching
19:29 Town Watch
Kaiser Ze
4:29 Loom
14:13 Feudal Age
15:16 Double-Bit Axe
15:43 Gold Mining
16:13 Fishing Lines
18:41 Forging
20:54 Castle Age
21:50 Medium Warships
21:31 Gillnets
你可以打我队友吗
13:09 Feudal Age
17:13 Castle Age
15:09 Fletching
15:44 Loom
15:48 Double-Bit Axe
15:55 Gold Mining
16:20 Padded Archer Armor
17:15 Stone Mining
17:58 Bodkin Arrow
17:48 Fishing Lines
19:07 Leather Archer Armor
Mr.Brrum
4:28 Loom
13:20 Feudal Age
13:55 Town Watch
16:04 Double-Bit Axe
19:01 Castle Age
17:55 Forging
18:13 Fishing Lines
lorddoc
4:56 Loom
13:45 Feudal Age
17:30 Castle Age
17:06 Fletching
17:06 Double-Bit Axe
18:16 Bodkin Arrow
Longplaying
5:41 Loom
13:34 Feudal Age
17:38 Castle Age
15:29 Double-Bit Axe
15:54 Gold Mining
20:41 Wheelbarrow
19:51 Town Watch
Connection lost

Rejoining the realm…

Still unreachable

The connection could not be restored.

Session expired

The server has moved on; the page needs a fresh start.